 Dungeon Crawl Stone Soup version 0.18.1-48-g4cf74bf (webtiles) character file.

2890 Gargoyl the Protected (level 9, -1/71 HPs)
             Began as a Demonspawn Abyssal Knight on Aug 27, 2016.
             Was a High Priest of Lugonu.
             Slain by a vampire (3 damage)
             ... on level 9 of the Dungeon.
             The game lasted 00:24:29 (9655 turns).

Gargoyl the Protected (Demonspawn Abyssal Knight)   Turns: 9655, Time: 00:24:29

Health: -1/71      AC: 25    Str: 20    XL:     9   Next: 48%
Magic:  11/11      EV:  9    Int: 13    God:    Lugonu [*****.]
Gold:   496        SH:  0    Dex: 12    Spells: 0 memorised, 8 levels left

rFire  + . .     SeeInvis .     F - +3 battleaxe
rCold  + + .     Gourm    .     e - +0 chain mail
rNeg   . . .     Faith    .     (shield currently unavailable)
rPois  +         Spirit   .     x - +2 helmet
rElec  +         Dismiss  .     d - +2 cloak
rCorr  +         Reflect  .     (no gloves)
SustAt .         Harm     .     j - +2 pair of boots of the Assassin {DetectMon Stab+ Stlth++}
MR     .....                    (no amulet)
Stlth  ..........               m - +4 ring of strength
                                p - ring of poison resistance

@: confused, resistant, not resistant to hostile enchantments, extremely
unstealthy
A: claws 2, rough black scales 1, cold resistance 1, rot immunity
a: Depart the Abyss, Bend Space, Banish, Corrupt, Enter the Abyss, Renounce
Religion


You were on level 9 of the Dungeon.
You worshipped Lugonu.
Lugonu was extremely pleased with you.
You were hungry.

You visited 1 branch of the dungeon, and saw 9 of its levels.
You visited the Abyss 1 time.
You also visited: Sewer and Ossuary.

You collected 496 gold pieces.

Inventory:

Hand Weapons
 a - a +1 hand axe
 F - a +3 battleaxe (weapon)
 K - a +0 war axe
Missiles
 o - 8 javelins (quivered)
Armour
 d - a +2 cloak (worn)
 e - a +0 chain mail (worn)
 j - the +2 pair of boots of the Assassin (worn) {DetectMon Stab+ Stlth++}
   (You found it on level 8 of the Dungeon)

   It makes you much more stealthy.
 x - a +2 helmet (worn)
Jewellery
 m - a +4 ring of strength (right claw)
 p - a ring of poison resistance (left claw)
 y - an uncursed ring of protection from cold
Wands
 n - a wand of digging (15/24)
 t - a wand of polymorph (8/24)
 w - a wand of heal wounds (4/9)
 A - a wand of iceblast (5/15)
 D - a wand of slowing (31/48)
Scrolls
 g - 4 scrolls of remove curse
 k - 2 scrolls of identify
 v - 3 scrolls of blinking
 z - 2 scrolls of fog
 I - a scroll of enchant armour
Potions
 f - a potion of brilliance {unknown}
 h - 11 potions of curing
 i - a potion of might
 q - 5 potions of heal wounds
 s - 3 potions of agility {unknown}
 u - 2 potions of flight {unknown}
 B - 2 potions of ambrosia {unknown}
 E - a potion of cancellation {unknown}
Books
 C - a book of Beasts

   Spells                             Type                      Level
   a - Summon Butterflies             Summoning                    1
   b - Call Canine Familiar           Summoning                    3
   c - Summon Ice Beast               Ice/Summoning                4
   d - Summon Mana Viper              Hexes/Summoning              5
   e - Summon Hydra                   Summoning                    7
 G - a Young Poisoner's Handbook

   Spells                             Type                      Level
   a - Sting                          Conjuration/Poison           1
   b - Cure Poison                    Poison                       2
   c - Mephitic Cloud                 Conjuration/Poison/Air       3
   d - Olgreb's Toxic Radiance        Poison                       4
   e - Venom Bolt                     Conjuration/Poison           5
Comestibles
 b - 11 fruits
 c - 3 bread rations
 l - 2 beef jerkies
 r - 2 slices of pizza
 J - 2 chunks of flesh


   Skills:
 + Level 6.5 Fighting
 + Level 5.5(5.7) Axes
   Level 1.6(3.9) Maces & Flails
 + Level 0.1 Throwing
 * Level 8.2 Armour
 + Level 3.9 Dodging
 + Level 1.0 Stealth
 + Level 3.4 Invocations


You had 8 spell levels left.
You didn't know any spells.

Dungeon Overview and Level Annotations

Branches:
Dungeon (9/15)             Temple (0/1) D:7
   Lair: D:8-11         Orc: D:9-12

Altars:
Cheibriados
Dithmenos
Elyvilon
Makhleb
Nemelex Xobeh
Pakellas
Qazlal
Sif Muna
Trog
Vehumet
Yredelemnul
Zin

Shops:
D:8 :

Annotations:
D:4 Edmund


Innate Abilities, Weirdness & Mutations

You have very sharp fingernails.
You are partially covered in rough black scales (AC +4, Dex -1).
Your flesh is cold resistant.
You are immune to rotting.


Message History

The vampire flickers and vanishes!
Something hits you. Something bites you but does no damage.
You hear some strange, mumbled words.
Something tries to affect you, but you resist.
You barely miss something. You slash something! Something hits you!
Something bites you but does no damage. Something hits you but does no damage.
Something bites you but does no damage.
You hit something. You closely miss something.
You hear some strange, mumbled words.
You are confused.
Unholy energy fills the air.
* * * LOW HITPOINT WARNING * * *
Unholy energy fills the air.
* * * LOW HITPOINT WARNING * * *
Something hits you but does no damage. Something bites you.
* * * LOW HITPOINT WARNING * * *
Something draws strength from your injuries!
You hit something but do no damage. You miss something.
Something hits you but does no damage. Something bites you.
You die...

#. ) # (# . #.## . #.#
#.#.# ZW#.. #...###{.
#..#@#{# # #.#.{{# .##
#...##...# #. ####..#
### .#..#..### ..# #.
#. #...#######.. #.#
#.####.......####.#
###...............#####
......................#


There were no monsters in sight!

Vanquished Creatures
  The ghost of Dickchan the Conjurer, an amateur OpWz (Sewer)
  A hungry ghost (D:8)
  An ogre (D:4)
  2 phantoms (D:5)
  2 ice beasts
  The ghost of Gargoyl the Skirmisher, an amateur DsAK of Lugonu (D:4)
  A centaur (D:9)
  2 big kobolds (Sewer)
  The ghost of WhoCares the Sneak, an amateur KoEn of Yredelemnul (D:3)
  5 giant frogs
  A scorpion (D:8)
  3 wights (D:7)
  A giant frog zombie (D:5)
  2 crimson imps
  A hound (D:7)
  3 jellies
  3 orc priests
  7 orc wizards
  2 iguanas (D:6)
  5 worker ants
  A killer bee zombie (D:8)
  A hound zombie (D:5)
  3 mummies (Ossuary)
  A howler monkey zombie (D:8)
  6 gnolls
  2 worker ant zombies
  11 adders
  6 river rats (Sewer)
  3 shadow imps
  3 oozes
  3 adder zombies
  An adder skeleton (D:5)
  5 worms
  9 giant geckos
  11 orcs
  4 ball pythons
  7 giant cockroaches
  A gnoll zombie (Ossuary)
  8 goblins
  8 hobgoblins
  4 quokkas
  5 bats
  5 giant newts
  A goblin zombie (Ossuary)
  3 hobgoblin zombies (Ossuary)
  A jackal skeleton (D:6)
  20 kobolds
  3 kobold zombies (Ossuary)
  A quokka skeleton (D:4)
  4 quokka zombies (Ossuary)
  24 rats
  4 rat zombies (Ossuary)
  A butterfly (D:7)
215 creatures vanquished.

Vanquished Creatures (others)
  A hungry ghost (D:8)
  A crimson imp (D:6)
  An orc (D:9)
  A lurking horror (Abyss:2)
4 creatures vanquished.

Grand Total: 219 creatures vanquished

Notes
Turn   | Place    | Note
--------------------------------------------------------------
     0 | Abyss:1  | Gargoyl the Demonspawn Abyssal Knight began the quest for the Orb.
     0 | Abyss:1  | Reached XP level 1. HP: 18/18 MP: 2/2
     0 | Abyss:1  | Found a corrupted altar of Lugonu.
    39 | Abyss:1  | Found a corrupted altar of Lugonu.
    67 | Abyss:2  | Noticed a hell hog
   131 | Abyss:2  | Got an ichor-stained morningstar
   132 | Abyss:2  | Identified the +8 morningstar "Biunamo" {elec, *Noise Fragile rC+++ MR++} (You found it on level 2 of the Abyss)
   146 | Abyss:3  | Found a corrupted altar of Lugonu.
   150 | Abyss:3  | Found a corrupted altar of Lugonu.
   216 | Abyss:3  | Noticed a smoke demon
   216 | D:1      | Escaped the Abyss
   318 | D:1      | Reached skill level 2 in Armour
   331 | D:1      | Reached * piety under Lugonu
   398 | D:1      | Gained mutation: Your flesh is cold resistant. [demonic ancestry]
   398 | D:1      | Reached XP level 2. HP: 24/24 MP: 3/3
   962 | D:2      | Reached skill level 1 in Dodging
   981 | D:2      | Gained mutation: You are partially covered in rough black scales (AC +4, Dex -1). [demonic ancestry]
   981 | D:2      | Reached XP level 3. HP: 29/29 MP: 5/5
   990 | D:2      | Found a radiant altar of Vehumet.
  1068 | D:2      | Found a stormy altar of Qazlal.
  1116 | D:2      | Found a shadowy altar of Dithmenos.
  1249 | D:2      | Gained mutation: You have sharp fingernails. [demonic ancestry]
  1249 | D:2      | Reached XP level 4. HP: 33/37 MP: 6/6
  1254 | D:2      | Reached skill level 1 in Maces & Flails
  1594 | D:2      | Reached ** piety under Lugonu
  2011 | D:3      | Found a glowing drain.
  2017 | Sewer    | Entered a sewer
  2049 | Sewer    | Reached XP level 5. HP: 29/42 MP: 7/7
  2060 | Sewer    | Noticed Dickchan's ghost (amateur OpWz)
  2087 | Sewer    | Reached skill level 3 in Armour
  2110 | Sewer    | Killed Dickchan's ghost
  2110 | Sewer    | Gained mutation: You are immune to rotting. [demonic ancestry]
  2110 | Sewer    | Reached XP level 6. HP: 13/49 MP: 8/8
  2745 | Sewer    | Reached *** piety under Lugonu
  2829 | Sewer    | Reached skill level 4 in Armour
  2977 | Sewer    | Reached skill level 5 in Fighting
  2977 | Sewer    | Gained mutation: You have very sharp fingernails. [demonic ancestry]
  2977 | Sewer    | Reached XP level 7. HP: 56/56 MP: 9/9
  3288 | D:3      | Noticed WhoCares's ghost (amateur KoEn)
  3310 | D:3      | Killed WhoCares's ghost
  3411 | D:4      | Noticed Gargoyl's ghost (amateur DsAK)
  3432 | D:4      | Killed Gargoyl's ghost
  3583 | D:4      | Noticed Edmund
  3757 | D:4      | Reached skill level 5 in Armour
  4035 | D:4      | Found a stormy altar of Qazlal.
  4191 | D:4      | Found a deep blue altar of Sif Muna.
  4191 | D:4      | Found a burning altar of Makhleb.
  4220 | D:4      | Noticed an angel
  4221 | D:4      | Found a glowing silver altar of Zin.
  4254 | D:4      | Found a basalt altar of Yredelemnul.
  4342 | D:5      | Entered Level 5 of the Dungeon
  4911 | D:5      | Got a smoking hand axe
  4912 | D:5      | Identified the +10 hand axe of Hacoukk {holy, Dex+6 SInv} (You found it on level 5 of the Dungeon)
  5052 | D:5      | Reached **** piety under Lugonu
  5056 | D:5      | Reached XP level 8. HP: 31/63 MP: 10/10
  5663 | D:5      | Reached skill level 6 in Armour
  6133 | D:6      | Found an oddly glowing altar of Pakellas.
  6195 | D:6      | Found a burning altar of Makhleb.
  6930 | D:7      | Found a staircase to the Ecumenical Temple.
  6959 | D:7      | Reached skill level 7 in Armour
  7075 | D:7      | Found a sparkling altar of Nemelex Xobeh.
  7206 | D:7      | Found a snail-covered altar of Cheibriados.
  7708 | D:7      | Reached XP level 9. HP: 49/69 MP: 11/11
  8265 | D:8      | Reached skill level 5 in Axes
  8265 | D:8      | Reached skill level 1 in Stealth
  8388 | D:8      | Found a white marble altar of Elyvilon.
  8498 | D:8      | Found a sand-covered staircase.
  8505 | Ossuary  | Entered an ossuary
  8515 | Ossuary  | Reached skill level 8 in Armour
  9061 | D:8      | Noticed a moth of wrath
  9064 | D:8      | Found a bloodstained altar of Trog.
  9335 | D:8      | Found Ytwuph's Book Shoppe.
  9627 | D:9      | Reached ***** piety under Lugonu
  9654 | D:9      | HP: 1/71 [something (4)]
  9655 | D:9      | Slain by a vampire

Skill      XL: |  1  2  3  4  5  6  7  8  9 |
---------------+----------------------------+-----
Armour         | 2 3 4 5 7 8 |  8.2
Dodging        | 1 2 3 |  3.9
Fighting       | 4 5 6 |  6.5
Maces & Flails | 1 |  1.6
Axes           | 2 3 4 5 |  5.5
Invocations    | 3 |  3.4
Stealth        | 1 |  1.0
Throwing       | |  0.1

Action                   |  1- 3 |  4- 6 |  7- 9 || total
-------------------------+-------+-------+-------++-------
Melee: Morningstar       |    80 |    41 |       ||   121
       Hand axe          |       |   210 |   567 ||   777
       Battleaxe         |       |       |   173 ||   173
Throw: Javelin           |       |       |     5 ||     5
Invok: Depart the Abyss  |     1 |       |       ||     1
       Banish            |       |       |     2 ||     2
  Use: Scroll            |       |     4 |    12 ||    16
       Potion            |       |       |     6 ||     6
  Eat: Chunk             |     1 |     6 |    20 ||    27
       Bread ration      |       |       |     4 ||     4
       Meat ration       |       |       |     2 ||     2
Armor: Chain mail        |    85 |   216 |   606 ||   907
Dodge: Dodged            |    29 |   113 |   324 ||   466
